 Dungeon Crawl Stone Soup version 0.27-a0-836-gfc908b8576 (webtiles) character file.

Game seed: 13598982054092833658

343 tilp the Skirmisher (level 6, -2/67 HPs)
             Began as an Ogre Warper on Apr 1, 2021.
             Slain by an iguana (6 damage)
             ... on level 5 of the Dungeon.
             The game lasted 00:11:32 (3877 turns).

tilp the Skirmisher (Ogre Warper)                   Turns: 3877, Time: 00:11:33

Health: -2/67      AC:  3    Str: 16    XL:     6   Next: 57%
Magic:  8/9        EV:  9    Int: 16    God:
Gold:   143        SH:  5    Dex:  8    Spells: 8/10 levels left

rFire    . . .     SeeInvis .   a - +0 whip (elec)
rCold    . . .     Faith    .   (no shield)
rNeg     . . .     Spirit   .   n - +0 robe
rPois    .         Reflect  +   (helmet restricted)
rElec    .         Harm     .   (no cloak)
rCorr    +         Rampage  .   (gloves unavailable)
Will     .....                  (boots unavailable)
Stlth    ++........             q - amulet of reflection
HPRegen  0.21/turn              j - ring of resist corrosion
MPRegen  0.11/turn              (no ring)

@: no status effects
A: large, unfitting armour, tough skin 1
a: no special abilities


You were on level 5 of the Dungeon.
You visited 1 branch of the dungeon, and saw 5 of its levels.

You collected 143 gold pieces.

Inventory:

Hand Weapons
 a - a +0 whip of electrocution (weapon)
 b - a +0 mace
 f - a +2 war axe of electrocution
Missiles
 c - 99 stones (quivered)
Armour
 n - a +0 robe (worn)
Jewellery
 j - a ring of resist corrosion (left hand)
 q - an amulet of reflection (around neck)
Scrolls
 d - a scroll of blinking
 i - a scroll of amnesia {unknown}
 k - a scroll of teleportation
 m - a scroll of immolation {unknown}
 o - a scroll of magic mapping {unknown}
 p - a scroll of enchant armour {unknown}
 r - a scroll of fog {unknown}
Potions
 h - a potion of ambrosia
 l - a potion of heal wounds {unknown}
 s - 5 potions of curing
 t - a potion of flight {unknown}


   Skills:
 - Level 6.0 Fighting
 - Level 4.0 Maces & Flails
 - Level 1.0 Throwing
 - Level 2.1 Dodging
 - Level 2.0 Stealth
 + Level 2.6 Spellcasting
 + Level 2.8 Translocations


You had 8 spell levels left.
You knew the following spells:

 Your Spells              Type           Power      Damage    Failure   Level
a - Blink                 Tloc           N/A        N/A       9%          2

Your spell library contained the following spells:

 Spells                   Type           Power      Damage    Failure   Level
 Gell's Gravitas          Tloc           5%         N/A       19%         3
 Lesser Beckoning         Tloc           5%         N/A       19%         3
 Teleport Other           Tloc           11%        N/A       19%         3
 Manifold Assault         Tloc           11%        N/A       86%         5


Dungeon Overview and Level Annotations

Branches:
Dungeon (5/15)             Temple (0/1) D:5

Altars:
Cheibriados

Shops:
D:2 =

Annotations:
D:2 exclusion: downstairs
D:3 Grinder, Purgy
D:4 exclusions: centaur and upstairs


Innate Abilities, Weirdness & Mutations

You are too large for most types of armour.
You have tough skin. (AC +1)


Message History

The ogre is lightly wounded.
The ogre hits you with a +0 giant spiked club!!
* * * LOW HITPOINT WARNING * * *
You hit the ogre.
The ogre is moderately wounded.
You hit the ogre.
The ogre is moderately wounded.
The ogre barely misses you.
You hit the ogre.
The ogre is heavily wounded.
The ogre hits you with a +0 giant spiked club!!
* * * LOW HITPOINT WARNING * * *
You hit the ogre but do no damage.
The ogre is heavily wounded.
Casting: Blink (safe; 9% risk of failure)
Confirm with . or Enter, or press ? or * to list all spells.
You blink.
Found a leather armour, a club and a ring mail.
The water moccasin skeleton closely misses you.
The water moccasin skeleton bites you.
* * * LOW HITPOINT WARNING * * *
The adder hisses angrily.
Found 7 gold pieces.
Found a whip.
The water moccasin skeleton closely misses you.
The adder barely misses you.
There is a staircase to the Ecumenical Temple here.
The adder barely misses you.
The water moccasin skeleton closely misses you.
The iguana bites you.
* * * LOW HITPOINT WARNING * * *
The adder bites you.
* * * LOW HITPOINT WARNING * * *
Unknown command.
The water moccasin skeleton bites you.
* * * LOW HITPOINT WARNING * * *
The adder bites you.
* * * LOW HITPOINT WARNING * * *
The iguana bites you.
You die...

...........######.#####..$
.[.........####<.(...$....
..........>...†...(.......
.)[###............?(.....#
#.....#.#.#.#.#)....#
#.......o...........#
#.....#.o.....#.....#
#........Ol.....#...#
#.....#..Z@...#.#...#
#.........S.....# ###
#.....#.......#.#
##..............#
#....#.#.#.#.#.#
#...........$..#
#)..############ ...


You could see an ogre, an iguana, an adder, 2 orcs and a water moccasin
skeleton.

Vanquished Creatures
  A necrophage (D:4)
  A howler monkey (D:4)
  A hound (D:2)
  A bullfrog skeleton (D:4)
  An orc priest (D:3)
  Jessica (D:2)
  An adder (D:3)
  An adder skeleton (D:4)
  6 dart slugs
  4 orcs (D:3)
  8 ball pythons
  4 endoplasms
  3 giant cockroaches
  9 goblins
  4 hobgoblins (D:1)
  9 jackals
  5 kobolds
  2 quokkas
  4 bats
  4 frilled lizards (D:2)
  3 rats
73 creatures vanquished.

Notes
Turn   | Place    | Note
-------+----------+-------------------------------------------
     0 | D:1      | tilp the Ogre Warper began the quest for the Orb.
     0 | D:1      | Reached XP level 1. HP: 22/22 MP: 3/3
    56 | D:1      | Reached skill level 3 in Fighting
   265 | D:1      | Reached XP level 2. HP: 31/31 MP: 5/5
   284 | D:1      | Learned a level 2 spell: Blink
   319 | D:1      | Reached skill level 4 in Fighting
   791 | D:1      | Reached XP level 3. HP: 37/40 MP: 6/6
   998 | D:1      | Reached skill level 5 in Fighting
  1375 | D:2      | Reached XP level 4. HP: 21/52 MP: 7/7
  1422 | D:2      | Noticed Jessica
  1453 | D:2      | Killed Jessica
  1454 | D:2      | Reached skill level 6 in Fighting
  1719 | D:2      | Found a snail-covered altar of Cheibriados.
  1928 | D:2      | Found Qexzaexaxi's Jewellery Boutique.
  1930 | D:2      | You fall into a shaft and drop 2 floors!
  2040 | D:4      | Reached XP level 5. HP: 59/59 MP: 8/8
  2042 | D:5      | Entered Level 5 of the Dungeon
  2167 | D:4      | Reached skill level 1 in Stealth
  2671 | D:3      | Noticed Grinder
  2863 | D:3      | Noticed Purgy
  3118 | D:3      | Reached XP level 6. HP: 67/67 MP: 9/9
  3792 | D:5      | Found a staircase to the Ecumenical Temple.
  3792 | D:5      | Noticed a necrophage
  3802 | D:4      | Killed a necrophage
  3877 | D:5      | Slain by an iguana

Illustrated notes

Levels and vault maps discovered:
D:1:      dpeg_arrival_pits, layout_rooms
D:2:      layout_rooms, kennysheep_slug_shrine, serial_shops, shop, uniq_jessica
D:3:      minmay_chambers_of_twos, layout_basic, uniq_purgy, uniq_grinder
D:4:      layout_rooms, grunt_ministairs_5
D:5:      layout_basic, grunt_temple_overflow_lords_of_destruction,
          minmay_temple_entry_glass

Skill      XL: |  1  2  3  4  5  6 |
---------------+-------------------+-----
Fighting       | 3 4 5 6 |  6.0
Maces & Flails | 2 3 4 |  4.0
Stealth        | 2 |  2.0
Throwing       | |  1.0
Dodging        | |  2.1
Spellcasting   | |  2.6
Translocations | |  2.8

Action                   |  1- 3 |  4- 6 || total
-------------------------+-------+-------++-------
Melee: Mace              |   122 |    77 ||   199
       Whip              |       |    70 ||    70
Throw: Stone             |    18 |    17 ||    35
       Boomerang         |     1 |     4 ||     5
 Cast: Blink             |       |    11 ||    11
  Use: Scroll            |       |     4 ||     4
 Stab: Sleeping          |       |     1 ||     1
Armor: Robe              |    49 |    34 ||    83
Dodge: Dodged            |    63 |    65 ||   128
Block: Other             |       |     5 ||     5

Table legend: (Time is in decaauts)
 A = Elapsed time spent in this place.
 B = Non-inter-level travel time spent in this place.
 C = Inter-level travel time spent in this place.
 D = Time resting spent in this place.
 E = Time spent auto-exploring this place.
 F = Levels seen in this place.
 G = Mean time per level.
                   A        B        C        D        E       F      G
               +--------+--------+--------+--------+--------+-----+--------+
         Total |   3947 |   3739 |    208 |    886 |   1684 |   5 |  789.4 |
       Dungeon |   3947 |   3739 |    208 |    886 |   1684 |   5 |  789.4 |
               +--------+--------+--------+--------+--------+-----+--------+

Top non-repeatable levels by time:
     D:1: 1374 daAuts
     D:2: 880 daAuts
     D:3: 864 daAuts
     D:4: 753 daAuts
     D:5: 74 daAuts
